 Dungeon Crawl Stone Soup version 0.22.1-1-ga44c0e5 (webtiles) character file.

89 suicidejoker the Covert (level 4, 0/29 HPs)
             Began as an Octopode Assassin on Sept 21, 2018.
             Slain by an ogre
             ... wielding a +0 giant spiked club
              (29 damage)
             ... on level 3 of the Dungeon.
             The game lasted 00:01:48 (2080 turns).

suicidejoker the Covert (Octopode Assassin)         Turns: 2080, Time: 00:01:49

Health: 0/29       AC:  1    Str: 10    XL:     4   Next: 55%
Magic:  4/4        EV: 13    Int: 13    God:
Gold:   96         SH:  0    Dex: 14    Spells: 3/3 levels left

rFire    . . .     SeeInvis .   a - +2 dagger
rCold    . . .     Gourm    .   (no shield)
rNeg     . . .     Faith    .   (helmet restricted)
rPois    .         Spirit   .   (no amulet)
rElec    .         Reflect  .   (no ring)
rCorr    .         Harm     .   (no ring)
MR       .....                  (no ring)
Stlth    +++++.....             (no ring)
HPRegen  0.09/turn              (no ring)
MPRegen  0.09/turn              (no ring)
                                (no ring)
                                (no ring)

@: no status effects
A: almost no armour, stealthy swim, amphibious, 8 rings, constrict 8, camouflage
1, gelatinous body 1
a: no special abilities


You were on level 3 of the Dungeon.
You were hungry.

You visited 1 branch of the dungeon, and saw 3 of its levels.

You collected 96 gold pieces.

Inventory:

Hand Weapons
 a - a +2 dagger (weapon)
 b - a +0 blowgun
Missiles
 c - 8 poisoned needles
 d - 2 curare-tipped needles
Jewellery
 k - a +4 ring of strength {unknown}
 o - an uncursed amulet of guardian spirit {unknown}
Wands
 x - a wand of iceblast (7)
Scrolls
 e - a scroll of teleportation {unknown}
 g - 2 scrolls of amnesia {unknown}
 i - 7 scrolls of identify {unknown}
 j - a scroll of enchant armour {unknown}
 m - 3 scrolls of enchant weapon {unknown}
 r - a scroll of immolation {unknown}
 s - 2 scrolls of magic mapping {unknown}
 t - a scroll of fear {unknown}
 u - a scroll of blinking {unknown}
 v - a scroll of fog {unknown}
Potions
 h - 2 potions of might {unknown}
 l - a potion of haste {unknown}
 n - a potion of berserk rage {unknown}
 p - a potion of heal wounds {unknown}
 q - a potion of agility {unknown}
 w - a potion of resistance {unknown}
Comestibles
 f - 2 rations


   Skills:
 - Level 2.0 Fighting
 - Level 2.0 Short Blades
 - Level 2.0 Throwing
 - Level 1.0 Dodging
 + Level 8.1 Stealth


You had 3 spell levels left.
You didn't know any spells.
Your spell library was empty.

Dungeon Overview and Level Annotations

Branches:
Dungeon (3/15)

Altars:
Dithmenos
Wu Jian


Innate Abilities, Weirdness & Mutations

You cannot wear most types of armour.
You are very stealthy in the water. (Stealth+)
You are amphibious.
You can wear up to eight rings at the same time.
You can use your tentacles to constrict eight enemies at once.
Your skin changes colour to match your surroundings (Stealth+).
Your rubbery body absorbs attacks. (AC +1, EV +1)


Message History

x - a wand of iceblast (7)
Found 19 sling bullets.
Found 21 sling bullets.
You see here a scroll labeled IDIWIL VUADA.
i - 7 scrolls labeled IDIWIL VUADA (gained 1)
The rat bites you.
You see here a scroll labeled TUPICE TACAKH.
s - 2 scrolls labeled TUPICE TACAKH (gained 1)
The rat closely misses you. The ogre barely misses you.
An ice beast comes into view.
The kobold shouts!
The kobold throws a stone.
The stone closely misses you. The rat closely misses you.
You see here a stone.
The kobold throws a stone.
The stone closely misses you.
You see here a stone.
The kobold throws a stone.
The stone hits you but does no damage.
The ogre hits you with a giant spiked club!!
Ouch! That really hurt!
You die...

.(...# # #.....# #.
#.#... #.##.#..##
####....#...#
...........#
###.........#########
.
............O(.......
#.
#.........r@..Y....
..#
##......%.g.####...
...####..........# .
..................(
.......<.........###
.............#K....
.......###.###.###.
....†....#...#.#
..........##...


You could see an ice beast, an ogre, a hobgoblin, a kobold and a rat.

Vanquished Creatures
  A worker ant (D:2)
  An adder (D:2)
  A worm (D:2)
  3 dart slugs
  A ball python (D:2)
  2 giant cockroaches (D:1)
  7 goblins
  4 hobgoblins
  4 jackals (D:2)
  2 quokkas
  9 bats
  A frilled lizard (D:1)
  8 kobolds
  5 rats
49 creatures vanquished.

Notes
Turn   | Place    | Note
-------+----------+-------------------------------------------
     0 | D:1      | suicidejoker the Octopode Assassin began the quest for the
                  | Orb.
     0 | D:1      | Reached XP level 1. HP: 14/14 MP: 1/1
   117 | D:1      | Reached XP level 2. HP: 19/19 MP: 2/2
   190 | D:1      | Reached skill level 6 in Stealth
   540 | D:1      | Reached XP level 3. HP: 24/24 MP: 3/3
   850 | D:1      | Reached skill level 7 in Stealth
  1196 | D:2      | Found an ornate altar of the Wu Jian Council.
  1248 | D:2      | Reached XP level 4. HP: 29/29 MP: 4/4
  1294 | D:2      | Found a shadowy altar of Dithmenos.
  1600 | D:2      | Reached skill level 8 in Stealth
  2059 | D:3      | Noticed an ogre
  2078 | D:3      | Noticed an ice beast
  2080 | D:3      | Slain by an ogre

Skill      XL: |  1  2  3  4 |
---------------+-------------+-----
Stealth        | 6 7 8 |  8.1
Fighting       | |  2.0
Short Blades   | |  2.0
Throwing       | |  2.0
Dodging        | |  1.0

Action                   |  1- 3 |  4- 6 || total
-------------------------+-------+-------++-------
Melee: Dagger            |    68 |    21 ||    89
       Constrict         |    15 |     5 ||    20
       Tentacles         |     5 |     3 ||     8
 Stab: Sleeping          |    17 |     4 ||    21
  Eat: Chunk             |     1 |     2 ||     3
Armor: Skin              |    11 |     2 ||    13
Dodge: Dodged            |    38 |    15 ||    53
